 Dungeon Crawl Stone Soup version 0.28-a0-653-g7e9dba17c3 (webtiles) character file.

Game seed: 4574781802454439627

128 pokeman the Magician (level 4, -5/25 HPs)
             Began as a Deep Elf Hedge Wizard on Oct 11, 2021.
             Slain by Sigmund (7 damage)
             ... on level 4 of the Dungeon.
             The game lasted 00:04:49 (3562 turns).

pokeman the Magician (Deep Elf Hedge Wizard)        Turns: 3562, Time: 00:04:50

Health: -5/25      AC:  3    Str:  7    XL:     4   Next: 86%
Magic:  6/13       EV: 12    Int: 20    God:
Gold:   68         SH:  0    Dex: 14    Spells: 3/14 levels left

rFire   . . .      SeeInvis .   d - +2 whip (elec)
rCold   . . .      Faith    .   (no shield)
rNeg    . . .      Spirit   .   g - +0 leather armour
rPois   .          Reflect  .   c - +0 hat
rElec   .          Harm     .   (no cloak)
rCorr   +          Rampage  .   (no gloves)
Will    .....                   (no boots)
Stlth   ++........              (no amulet)
HPRegen 0.08/turn               e - ring of resist corrosion
MPRegen 0.13/turn               (no ring)

@: no status effects
A: no striking features
a: no special abilities


You were on level 4 of the Dungeon.
You visited 1 branch of the dungeon, and saw 4 of its levels.

You collected 68 gold pieces.

Inventory:

Hand Weapons
 a - a +0 dagger
 d - a +2 whip of electrocution (weapon)
Missiles
 n - 18 arrows
Armour
 c - a +0 hat (worn)
 g - a +0 leather armour (worn)
Magical Staves
 p - a staff of death
Jewellery
 e - a ring of resist corrosion (left hand)
Scrolls
 f - 4 scrolls of identify {unknown}
 h - a scroll of amnesia {unknown}
 j - a scroll of holy word {unknown}
 k - a scroll of blinking {unknown}
 m - a scroll of enchant weapon {unknown}
 o - a scroll of teleportation {unknown}
Potions
 b - a potion of ambrosia {unknown}
 i - a potion of flight {unknown}
 l - 2 potions of degeneration {unknown}


   Skills:
 - Level 1.1 Fighting
 - Level 1.1 Armour
 + Level 2.8 Dodging
 - Level 2.4 Stealth
 * Level 5.9 Spellcasting
 + Level 2.4 Conjurations
 - Level 1.1 Summonings
 - Level 1.1 Translocations
 + Level 0.9 Fire Magic


You had 3 spell levels left.
You knew the following spells:

 Your Spells              Type           Power      Damage    Failure   Level
a - Magic Dart            Conj           60%        1d6       5%          1
b - Mephitic Cloud        Conj/Pois/Air  9%         N/A       32%         3
c - Call Imp              Summ           10%        N/A       14%         2
d - Blink                 Tloc           N/A        N/A       14%         2
e - Conjure Flame         Conj/Fire      12%        6-21      22%         3

Your spell library contained the following spells:

 Spells                   Type           Power      Damage    Failure   Level
 Slow                     Hex            5%         N/A       24%         2


Dungeon Overview and Level Annotations

Branches:
Dungeon (4/15)
 Temple: D:4-7

Altars:
Dithmenos
Kikubaaqudgha
Ru
Zin

Shops:
D:1 :

Annotations:
D:4 Ijyb, Sigmund


Message History

Ijyb is lightly wounded.
Ijyb is engulfed in noxious fumes.
Ijyb appears confused.
You catch the helpless Ijyb completely off-guard!
You hit Ijyb but do no damage.
Ijyb is lightly wounded.
Ijyb misses you.
You hit Ijyb.
Ijyb is moderately wounded.
Ijyb screams, "Me give you whole level! Then you leave me be!"
Ijyb barely misses you.
You closely miss Ijyb.
Ijyb is moderately wounded.
Ijyb closely misses you.
Sigmund gestures wildly while chanting.
Sigmund flickers and vanishes!
Deactivating autopickup; reactivate with Ctrl-A.
Ijyb misses you.
You hit Ijyb.
Ijyb is moderately wounded.
Ijyb hits you but does no damage. Ijyb hits you with a +0 dagger.
Ijyb screams, "Me deserve better than this!"
Ijyb hits you with a +0 dagger.
The gnoll shouts!
You hit Ijyb.
Ijyb is heavily wounded.
The gnoll throws a stone.
The stone hits you. Something hits you.
Ijyb screams, "No nasty magic on me!"
You hit Ijyb but do no damage.
Ijyb is heavily wounded.
The gnoll zaps a wand.
You suddenly lose the ability to move!
Something hits you.
* * * LOW HITPOINT WARNING * * *
The gnoll hits you with a +0 whip.
* * * LOW HITPOINT WARNING * * *
You can move again.
Casting: Magic Dart (safe; 5% risk of failure)
Confirm with . or Enter, or press ? or * to list all spells.
You blink.
Something hits you!
You die...

#####.....###...
#.............. #
.......†.....# .#.
..........# ....
...####.g## ##.........
##§.###..........
#..#............
#.g{............
####.@...)........
#.................
#.................
#...#.....<........
##[.##....)..###.##.
####..###.......#####..#
##..................#....
#...(.....#.(.....#......
##...##..###.....## .....


You could see Ijyb (confused) and a gnoll.

Vanquished Creatures
  Jessica (D:3)
  Natasha (D:4)
  2 gnolls (D:4)
  A worm (D:3)
  2 dart slugs (D:1)
  An endoplasm (D:1)
  2 giant cockroaches (D:1)
  4 hobgoblins
  6 jackals
  4 kobolds
  3 quokkas
  8 ball pythons
  6 bats
  4 frilled lizards
  2 goblins
  2 rats (D:2)
49 creatures vanquished.

Notes
Turn   | Place    | Note
-------+----------+-------------------------------------------
     0 | D:1      | pokeman the Deep Elf Hedge Wizard began the quest for the
                  | Orb.
     0 | D:1      | Reached XP level 1. HP: 10/10 MP: 7/7
   373 | D:1      | Reached XP level 2. HP: 16/16 MP: 5/9
   602 | D:1      | Found Raapn's Book Shoppe.
  1185 | D:2      | Reached skill level 5 in Spellcasting
  1489 | D:2      | Reached XP level 3. HP: 20/20 MP: 5/11
  1541 | D:2      | Learned a level 3 spell: Mephitic Cloud
  1544 | D:2      | Learned a level 2 spell: Call Imp
  1547 | D:2      | Learned a level 2 spell: Blink
  1551 | D:2      | Learned a level 3 spell: Conjure Flame
  2206 | D:3      | Found a faded altar of an unknown god.
  2318 | D:3      | Reached skill level 1 in Fighting
  2347 | D:3      | Noticed Jessica
  2356 | D:3      | Killed Jessica
  2357 | D:3      | Reached skill level 1 in Armour
  2357 | D:3      | Reached XP level 4. HP: 25/25 MP: 5/13
  2452 | D:3      | Found a shadowy altar of Dithmenos.
  2454 | D:3      | Found a glowing silver altar of Zin.
  2706 | D:3      | Found a sacrificial altar of Ru.
  2745 | D:3      | Found an ancient bone altar of Kikubaaqudgha.
  3203 | D:4      | Noticed Sigmund
  3217 | D:4      | Noticed Ijyb
  3529 | D:4      | Noticed Natasha
  3534 | D:4      | Killed Natasha
  3560 | D:4      | Paralysed by a gnoll for 2 turns
  3562 | D:4      | Slain by Sigmund

Illustrated notes

Levels and vault maps discovered:
D:1:      mrwooster_arrival_statue, layout_rooms, serial_shops, shop_fountains
D:2:      layout_loops_cross, minmay_crystal_water
D:3:      layout_rooms, hangedman_ru_absence, nicolae_overflow_hidden_temple,
          ebering_ecumenical_altar_rust, uniq_jessica
D:4:      layout_cave_pools, uniq_natasha, uniq_ijyb, uniq_sigmund

Skill      XL: |  1  2  3 |
---------------+----------+-----
Spellcasting   | 5 |  5.9
Fighting       | 1 |  1.1
Armour         | 1 |  1.1
Conjurations   | 2 |  2.4
Dodging        | |  2.8
Stealth        | |  2.4
Summonings     | |  1.1
Translocations | |  1.1
Fire Magic     | |  0.9

Action                   |  1- 3 |  4- 6 || total
-------------------------+-------+-------++-------
Melee: Whip              |     3 |    15 ||    18
       Dagger            |     3 |       ||     3
 Cast: Magic Dart        |   103 |    34 ||   137
       Mephitic Cloud    |       |     4 ||     4
       Blink             |       |     1 ||     1
       Call Imp          |       |     1 ||     1
 Stab: Confused          |       |     1 ||     1
Armor: Robe              |     9 |       ||     9
       Leather armour    |       |     4 ||     4
Dodge: Dodged            |    18 |     8 ||    26

Table legend: (Time is in decaauts)
 A = Elapsed time spent in this place.
 B = Non-inter-level travel time spent in this place.
 C = Inter-level travel time spent in this place.
 D = Time resting spent in this place.
 E = Time spent auto-exploring this place.
 F = Levels seen in this place.
 G = Mean time per level.
                   A        B        C        D        E       F      G
               +--------+--------+--------+--------+--------+-----+--------+
         Total |   3567 |   3439 |    128 |    577 |   2508 |   4 |  891.8 |
       Dungeon |   3567 |   3439 |    128 |    577 |   2508 |   4 |  891.8 |
               +--------+--------+--------+--------+--------+-----+--------+

Top non-repeatable levels by time:
     D:3: 1286 daAuts
     D:1: 1182 daAuts
     D:2: 1004 daAuts
     D:4: 94 daAuts
